Map: 暮色之塔

Players

iGXY (XY) - Winner!

  • Race: Terran Terran
  • League: Master

三族统领随机娜 - Winner!

  • Race: Terran Terran
  • League: Master

Cloudy

  • Race: Protoss Protoss
  • League: Master

iGiA (iAsonu)

  • Race: Protoss Protoss
  • League: Master

Event: GPL 2015 - Grand Finals

VOD

Have the link to the VOD?

Description

Time

  • Played on: Jan. 17, 2016, 9:38 a.m.
  • Length: 12:40

All games in this series

Show
View Real Time Build Order
Export as new Build Order

iGXY Terran - Winner!

Build Orders: 1/1/1, MMM Bio, Banshee Rush 

Get SALT Encoding   

  12  0:02  SCV  
  13  0:14  SCV  
  14  0:18  Supply Depot  
  14  0:26  SCV  
  15  0:40  SCV  
  15  0:42  Barracks  
  16  0:45  Refinery  
  16  0:52  SCV  
  16  0:53  Refinery  
  17  1:04  SCV  
  18  1:16  SCV  
  19  1:28  Orbital Command  
  19  1:29  Marine  
  20  1:33  Factory  
  20  1:44  Supply Depot  
  20  1:48  Barracks Reactor  
  20  1:54  SCV  
  21  2:06  SCV  
  22  2:18  Starport  
  22  2:19  SCV, Factory Tech Lab  
  23  2:25  Marine x2  
  23  2:28  Supply Depot  
  25  2:31  SCV  
  29  2:42  Marine  
  29  2:43  SCV  
  31  2:49  Marine  
  29  3:00  Banshee, Cloaking Field  
  32  3:13  Command Center  
  32  3:18  Supply Depot  
  32  3:20  SCV  
  32  3:23  Marine  
  32  3:24  Marine  
  35  3:27  Factory Tech Lab  
  35  3:32  SCV  
  36  3:43  Banshee  
  36  3:48  Cyclone  
  42  3:49  SCV  
  42  3:54  Marine  
  42  3:55  Marine  
  45  4:01  SCV  
  46  4:03  Supply Depot  
  46  4:13  SCV  
  47  4:25  SCV  
  47  4:26  Barracks  
  47  4:29  Barracks  
  47  4:30  Orbital Command  
  48  4:32  Marine  
  48  4:34  Stimpack  
  49  4:41  SCV  
  47  4:47  Widow Mine  
  47  4:51  Marine  
  50  4:53  SCV  
  50  4:57  SCV  
  52  5:02  Starport Reactor  
  52  5:05  SCV  
  53  5:09  SCV  
  54  5:17  SCV  
  54  5:18  Factory Reactor  
  55  5:21  Command Center  
  55  5:22  SCV  
  55  5:23  Marine  
  55  5:24  Marine  
  58  5:29  SCV  
  58  5:30  Engineering Bay  
  58  5:34  SCV  
  60  5:36  Marine x2  
  60  5:41  Marine, SCV  
  60  5:46  SCV  
  60  5:47  Marine  
  62  5:53  Medivac x2, Marine, SCV  
  62  5:56  Widow Mine  
  70  6:00  SCV  
  70  6:02  Supply Depot  
  70  6:06  Supply Depot, Terran Infantry Weapons Level 1  
  70  6:09  Combat Shields  
  70  6:12  Supply Depot  
  70  6:13  SCV  
  70  6:23  Marine, Widow Mine  
  70  6:24  SCV  
  74  6:25  SCV  
  74  6:27  Widow Mine  
  77  6:35  Missile Turret  
  77  6:36  SCV, Barracks  
  77  6:37  SCV, Barracks  
  77  6:38  Refinery  
  77  6:39  Concussive Shells  
  79  6:40  Refinery, Marauder  
  79  6:41  Marine  
  79  6:42  Marauder  
  84  6:47  Orbital Command  
  84  6:50  SCV  
  84  6:54  SCV, Missile Turret  
  86  6:55  Widow Mine  
  86  6:56  Widow Mine  
  86  6:58  Marine  
  86  6:59  Marine  
  92  7:02  SCV  
  92  7:05  Supply Depot  
  92  7:06  SCV  
  94  7:09  Medivac x2  
  94  7:14  SCV x2  
  100  7:18  SCV  
  100  7:19  Marauder x2, Marine  
  106  7:25  Barracks Tech Lab, Barracks Reactor  
  106  7:26  SCV x2  
  106  7:29  Marine  
  109  7:31  Supply Depot  
  109  7:37  SCV  
  109  7:38  Supply Depot, Marine  
  109  7:40  Marauder x2  
  115  7:45  Supply Depot  
  115  7:46  Supply Depot  
  115  7:49  SCV  
  115  7:50  Armory  
  116  7:51  Engineering Bay  
  116  7:52  Missile Turret  
  116  7:53  Marauder  
  116  7:54  SCV  
  116  7:55  SCV  
  120  8:00  Supply Depot  
  120  8:01  SCV  
  120  8:02  Terran Infantry Armor Level 1  
  120  8:04  Marauder  
  123  8:09  SCV  
  124  8:14  SCV  
  124  8:18  Supply Depot, Marauder x2  
  124  8:19  Marine x2  
  131  8:20  Marine  
  131  8:21  Widow Mine x2  
  131  8:25  Marauder  
  131  8:26  SCV  
  137  8:30  Marine  
  127  8:36  Marine x2  
  127  8:38  Marine  
  127  8:40  Marauder x2  
  134  8:44  Terran Infantry Weapons Level 2  
  134  8:47  Marauder  
  134  8:48  Marine  
  134  8:49  Widow Mine  
  134  8:54  Marine  
  130  8:58  SCV x2  
  130  8:59  Marine  
  130  9:00  Marine  
  130  9:01  Marauder  
  137  9:04  Missile Turret, Barracks  
  137  9:05  Widow Mine  
  137  9:08  Medivac  
  137  9:09  Medivac  
  143  9:12  Marauder  
  143  9:14  Marauder, Marine x2  
  148  9:23  Marauder, Marine  
  145  9:31  Marine  
  145  9:32  Marine  
  145  9:35  Command Center  
  145  9:36  Refinery  
  145  9:37  Refinery, Widow Mine x2  
  151  9:45  Marine x2  
  143  9:46  Marauder, Marine  
  143  9:47  Marauder  
  143  9:49  Marine x2  
  139  9:54  Marine  
  139  10:02  Terran Infantry Armor Level 2  
  139  10:03  Marine x2  
  140  10:07  Marine  
  140  10:10  SCV  
  140  10:17  Command Center  
  140  10:23  Medivac x2  
  140  10:27  Marauder x2, Marine  
  140  10:28  Marine  
  150  10:30  Barracks Reactor  
  150  10:38  Marauder, Marine x2  
  154  10:46  Marine x2  
  154  10:47  Widow Mine  
  154  10:48  Marauder, Widow Mine  
  154  10:49  Marauder  
  163  11:03  Missile Turret  
  163  11:04  Marine  
  163  11:05  Marauder, Marine  
  163  11:06  Ghost Academy, Planetary Fortress  
  163  11:10  Marauder  
  169  11:12  Marauder  
  169  11:15  Barracks  
  169  11:18  Marine x2  
  171  11:21  Medivac x2  
  171  11:22  Widow Mine  
  178  11:26  Marauder  
  178  11:29  Marine x2  
  178  11:30  Marine  
  178  11:31  Marauder  
  185  11:37  SCV x2  
  185  11:38  Orbital Command  
  181  11:42  Marauder  
  181  11:43  Marine  
  169  11:54  Marauder, Marine x2  
  169  11:57  Bunker  
  168  12:06  Marine  
  159  12:14  Marine  
  156  12:18  Marine  
  156  12:19  Marauder, Marine x3  
  149  12:24  SCV  
  149  12:25  SCV x2  
Show
View Real Time Build Order
Export as new Build Order

三族统领随机娜 Terran - Winner!

Build Orders:  

Get SALT Encoding   

  12  0:01  Probe (Chrono Boost)  
  13  0:11  Probe (Chrono Boost)  
  14  0:16  Pylon  
  14  0:22  Probe (Chrono Boost)  
  15  0:35  Probe (Chrono Boost)  
  16  0:36  Gateway  
  16  0:43  Assimilator  
  16  0:47  Probe (Chrono Boost)  
  17  0:58  Probe (Chrono Boost)  
  18  1:10  Probe (Chrono Boost)  
  19  1:22  Nexus  
  19  1:30  Cybernetics Core  
  19  1:34  Probe (Chrono Boost)  
  20  1:41  Assimilator  
  20  1:45  Probe (Chrono Boost)  
  21  1:52  Pylon  
  21  1:55  Probe (Chrono Boost)  
  22  2:07  Probe (Chrono Boost), Adept  
  22  2:08  Warp Gate  
  25  2:19  Probe (Chrono Boost)  
  26  2:25  Stargate  
  27  2:30  Adept  
  27  2:31  Probe (Chrono Boost)  
  27  2:35  Probe (Chrono Boost)  
  30  2:43  Probe (Chrono Boost)  
  31  2:45  Probe (Chrono Boost)  
  32  2:55  Probe (Chrono Boost), Adept  
  32  2:56  Probe (Chrono Boost)  
  36  3:05  Phoenix  
  36  3:11  Pylon  
  40  3:15  Mothership Core (Chrono Boost)  
  40  3:18  Probe (Chrono Boost)  
  41  3:22  Pylon, Adept  
  43  3:30  Probe (Chrono Boost), Phoenix  
  47  3:35  Probe (Chrono Boost)  
  48  3:42  Probe (Chrono Boost)  
  48  3:47  Probe (Chrono Boost)  
  49  3:48  Gateway  
  49  3:52  Pylon  
  49  3:54  Probe (Chrono Boost)  
  50  3:57  Oracle  
  50  3:59  Probe (Chrono Boost)  
  54  4:06  Probe (Chrono Boost)  
  54  4:09  Pylon  
  56  4:10  Probe (Chrono Boost)  
  56  4:15  Gateway  
  57  4:17  Gateway  
  57  4:18  Probe (Chrono Boost)  
  57  4:21  Probe (Chrono Boost)  
  58  4:27  Robotics Facility  
  58  4:30  Probe (Chrono Boost)  
  58  4:31  Probe (Chrono Boost)  
  56  4:42  Probe x2 (Chrono Boost)  
  56  4:43  Phoenix  
  59  4:50  Pylon  
  59  4:51  Adept  
  61  4:54  Probe (Chrono Boost)  
  61  4:57  Pylon  
  58  5:12  Observer  
  57  5:20  Probe x2 (Chrono Boost)  
  58  5:28  Assimilator  
  56  5:30  Assimilator  
  56  5:32  Probe x2 (Chrono Boost)  
  53  5:43  Probe x2 (Chrono Boost)  
  55  5:54  Probe x2 (Chrono Boost)  
  55  5:56  Nexus  
  57  6:00  Observer, Pylon  
  58  6:04  Probe (Chrono Boost)  
  58  6:05  Probe (Chrono Boost)  
  58  6:09  Forge  
  58  6:10  Gateway x2  
  60  6:15  Probe x2 (Chrono Boost)  
  62  6:20  Pylon  
  62  6:25  Probe (Chrono Boost), Phoenix  
  65  6:26  Probe (Chrono Boost)  
  65  6:30  Twilight Council  
  66  6:36  Adept  
  66  6:38  Protoss Ground Armor Level 1  
  68  6:41  Probe x2 (Chrono Boost)  
  68  6:43  Adept  
  72  6:51  Probe (Chrono Boost)  
  72  6:52  Probe (Chrono Boost)  
  74  6:55  Resonating Glaives  
  74  7:01  Phoenix  
  74  7:03  Probe x2 (Chrono Boost)  
  78  7:10  Probe (Chrono Boost)  
  78  7:15  Probe (Chrono Boost)  
  81  7:16  Probe (Chrono Boost)  
  81  7:20  Probe (Chrono Boost)  
  82  7:23  Gateway  
  82  7:24  Gateway  
  82  7:25  Warp Prism  
  82  7:27  Probe (Chrono Boost)  
  82  7:28  Probe (Chrono Boost)  
  84  7:32  Probe (Chrono Boost)  
  87  7:39  Probe (Chrono Boost)  
  87  7:40  Probe (Chrono Boost)  
  87  7:43  Adept x3  
  95  7:45  Adept  
  95  7:48  Adept  
  95  7:50  Adept  
  101  8:06  Phoenix  
  101  8:08  Adept x5  
  113  8:13  Pylon  
  113  8:17  Adept  
  113  8:18  Adept  
  110  8:30  Adept x6  
  105  8:35  Probe x2 (Chrono Boost)  
  105  8:37  Adept x2  
  109  8:44  Adept x3  
  109  9:03  Probe x2 (Chrono Boost)  
  109  9:05  Pylon  
  109  9:07  Pylon  
  109  9:14  Observer  
  109  9:18  Probe (Chrono Boost)  
  108  9:25  Probe (Chrono Boost)  
  108  9:26  Probe (Chrono Boost)  
  108  9:29  Templar Archives  
  108  9:30  Probe (Chrono Boost)  
  109  9:37  Probe (Chrono Boost)  
  109  9:38  Probe (Chrono Boost)  
  110  9:42  Probe (Chrono Boost), Adept x4  
  110  9:43  Adept x3  
  109  9:47  Pylon  
  109  9:49  Probe (Chrono Boost)  
  109  9:50  Probe (Chrono Boost)  
  112  9:53  Psionic Storm  
  112  9:54  Probe (Chrono Boost)  
  112  9:58  Assimilator  
  109  10:01  Probe (Chrono Boost)  
  109  10:02  Probe (Chrono Boost), Warp Prism, Assimilator  
  109  10:06  Probe (Chrono Boost), High Templar x4  
  121  10:11  Gateway  
  121  10:13  Probe (Chrono Boost)  
  121  10:14  Probe (Chrono Boost), Adept x3, Gateway  
  121  10:23  Pylon  
  121  10:26  Pylon x2  
  121  10:29  Pylon  
  121  10:31  Pylon  
  121  10:35  High Templar  
  123  10:41  Adept x6  
  135  10:54  Pylon  
  135  10:56  Pylon  
  135  10:57  Pylon  
  135  11:02  Adept x2  
  135  11:03  Adept x4  
  147  11:09  Adept  
  149  11:23  Adept  
  149  11:24  Adept x3  
  157  11:26  Adept x3  
  157  11:30  Adept x3  
  152  11:54  Adept x3  
  152  11:56  Adept x2  
  152  11:57  Adept x5  
  152  12:11  Adept  
  136  12:21  Adept x2  
  136  12:22  Adept x7  
  92  12:32  Adept  
Show
View Real Time Build Order
Export as new Build Order

Cloudy Protoss 

Build Orders:  

Get SALT Encoding   

Show
View Real Time Build Order
Export as new Build Order

iGiA Protoss 

Build Orders:  

Get SALT Encoding   

Tags
 
Add a new tag
Caveats
  • Supply blocks, unpowered buildings, or Contaminate may cause inaccurate times.
  • Supply counts are checked every 10 seconds.